 Dungeon Crawl Stone Soup version 0.29.0-4-gdea44cf6ec (webtiles) character file.

Game seed: 2102893978633830243

6763 Plasmagod the Basher (level 10, -22/96 HPs)
             Began as a Minotaur Fighter on Aug 27, 2022.
             Was a Believer of Ru.
             Annihilated by a two-headed ogre
             ... wielding a +0 giant club
              (34 damage)
             ... on level 9 of the Dungeon.
             The game lasted 00:18:03 (10885 turns).

Plasmagod the Basher (Minotaur Fighter)            Turns: 10885, Time: 00:18:03

Health: -22/96     AC: 11    Str: 24    XL:     10   Next: 75%
Magic:  9/9        EV:  7    Int: 10    God:    Ru [**....]
Gold:   771        SH:  4    Dex:  9    Spells: 9/9 levels left

rFire   . . .      SeeInvis .   u - +9 mace "Qutrea" {freeze, rElec rPois Str-2 Int+5}
rCold   . . .      Faith    .   c - +0 buckler
rNeg    . . .      Spirit   .   f - +0 chain mail
rPois   +          Reflect  .   (helmet restricted)
rElec   +          Harm     .   (no cloak)
rCorr   .          Rampage  .   y - +0 pair of gloves
Will    .....                   j - +0 pair of boots
Stlth   ..........              (no amulet)
HPRegen 0.26/turn               (no ring)
MPRegen 0.11/turn               (no ring)

@: about to teleport
A: horns 2, no ice magic, no necromancy magic, no transmutations magic,
unskilled 1, retaliatory headbutt
a: Renounce Religion


You were on level 9 of the Dungeon.
You worshipped Ru.
Ru was pleased with you.
You visited 2 branches of the dungeon, and saw 12 of its levels.
You also visited: Ossuary.

You collected 771 gold pieces.

Inventory:

Hand Weapons
 a - a +0 war axe
 u - the +9 mace "Qutrea" (weapon) {freeze, rElec rPois Str-2 Int+5}
   (You found it on level 3 of the Dungeon)

   It freezes those it strikes, dealing additional cold damage.
   It can also slow down cold-blooded creatures.
   Str:       It affects your strength (-2).
   Int:       It affects your intelligence (+5).
   rElec:     It insulates you from electricity.
   rPois:     It protects you from poison.
Armour
 c - a +0 buckler (worn)
 f - a +0 chain mail (worn)
 j - a +0 pair of boots (worn)
 y - a +0 pair of gloves (worn)
Jewellery
 t - a +6 ring of intelligence
Wands
 k - a wand of iceblast (9)
 A - a wand of digging (7)
Scrolls
 b - a scroll of silence {unknown}
 g - 5 scrolls of vulnerability
 l - 6 scrolls of teleportation
 n - 2 scrolls of magic mapping
 o - 8 scrolls of identify
 r - 3 scrolls of blinking {unknown}
 s - 3 scrolls of enchant armour {unknown}
 v - 2 scrolls of butterflies {unknown}
 B - 2 scrolls of fear {unknown}
 C - 2 scrolls of poison {unknown}
 E - a scroll of noise {unknown}
Potions
 d - 3 potions of might
 e - 3 potions of haste
 h - 10 potions of curing
 i - 7 potions of heal wounds
 m - a potion of magic {unknown}
 p - 3 potions of brilliance
 q - 4 potions of lignification
 w - 3 potions of attraction {unknown}
 x - a potion of ambrosia {unknown}
 z - 2 potions of flight {unknown}
 D - a potion of resistance {unknown}
 F - a potion of invisibility {unknown}


   Skills:
 + Level 11.2 Fighting
 - Level 5.2(10.2) Axes
 - Level 13.6(14.0) Maces & Flails
 - Level 3.2 Armour
 - Level 3.2 Shields


You had 9 spell levels left.
You didn't know any spells.
Your spell library contained the following spells:

 Spells                   Type           Power      Damage    Failure   Level
 Magic Dart               Conj           0%         1d3       98%         1
 Shock                    Conj/Air       0%         1d3       98%         1
 Call Imp                 Summ           0%         N/A       99%         2
 Poisonous Vapours        Pois/Air       0%         N/A       99%         2
 Mephitic Cloud           Conj/Pois/Air  0%         N/A       100%        3
 Swiftness                Air            0%         N/A       100%        3
 Airstrike                Air            0%         2d(0-16)  100%        4
 Cause Fear               Hex            0%         N/A       100%        4
 Iskenderun's Battlesphe  Conj           0%         2d6       100%        5
 Iron Shot                Conj/Erth      0%         9d1       100%        6
 Spellforged Servitor     Conj/Summ      0%         N/A       100%        7
 Dragon's Call            Summ           0%         N/A       100%        9
 Ignite Poison            Fire/Tmut/Pois Unusable   N/A       N/A         3
 Ozocubu's Armour         Ice            Unusable   N/A       N/A         3
 Corpse Rot               Necr/Pois/Air  Unusable   N/A       N/A         4
 Freezing Cloud           Conj/Ice/Air   Unusable   6-21      N/A         5
 Metabolic Englaciation   Hex/Ice        Unusable   N/A       N/A         5
 Simulacrum               Ice/Necr       Unusable   N/A       N/A         6
 Dragon Form              Tmut           Unusable   N/A       N/A         7

Dungeon Overview and Level Annotations

Branches:
Dungeon (11/15)            Temple (1/1) D:6             Orc (0/2) D:9
Ossuary (visited)
   Lair: D:8-11

Altars:
Ashenzari
Cheibriados
Elyvilon
Gozag
Hepliaklqana
Kikubaaqudgha
Makhleb
Nemelex Xobeh
Okawaru
Qazlal
Ru
Uskayaw
Vehumet
Wu Jian
Xom
Yredelemnul
Zin
The Shining One

Shops:
D:3 (   D:9 ?[

Annotations:
D:3 2 transporters, Destructed3's ghost, amateur GnWn
D:7 2 transporters, SkeletonJelly's ghost, novice TrFi


Innate Abilities, Weirdness & Mutations

You have a pair of horns on your head.
You cannot study or cast Ice magic.
You cannot study or cast Necromancy magic.
You cannot study or cast Transmutations magic.
You are somewhat unskilled. (-1 Apt)
You reflexively headbutt those who attack you in melee.


Message History

There is an open door here.
There is a stone staircase leading down here.
You climb downwards.
Found a stone staircase leading up.
There is a stone staircase leading up here.
The boulder beetle leaps!
You climb upwards.
There is a stone staircase leading down here.
There is a stone staircase leading up, spattered with blood here.
You climb upwards.
There is a stone staircase leading down, spattered with blood here.
There is an open door here.
There is a stone staircase leading up here.
You climb upwards.
The two-headed ogre barely misses you.
The two-headed ogre hits you but does no damage.
You block the two-headed ogre's attack.
The two-headed ogre hits you but does no damage.
There is a stone staircase leading down here.
The two-headed ogre hits you with a +0 giant club!!
The two-headed ogre barely misses you. x2; You furiously retaliate!
You headbutt the two-headed ogre.
The two-headed ogre hits you with a +0 giant club!!
The sky beast hits you but does no damage.
You climb downwards.
There is a stone staircase leading up here.
The two-headed ogre hits you with a +0 giant club!
The two-headed ogre hits you with a +0 giant club!!
* * * LOW HITPOINT WARNING * * *
The two-headed ogre barely misses you. You furiously retaliate!
You headbutt the two-headed ogre!
The two-headed ogre hits you but does no damage.
The sky beast attacks as you move away!
The sky beast hits you but does no damage.
The sky beast flickers out of sight!
Deactivating autopickup; reactivate with Ctrl-A.
Okay, then.
As you read the scroll of teleportation, it crumbles to dust.
You feel strangely unstable.
The two-headed ogre hits you with a +0 giant club!!
You die...

#.....# ##+8.∩.8# #
###.### ##..⌠.⌠.# # #..#
#..8.8.8# ###.#####
#.###..## #.......# #.#
#.##
#.......#####'###.####
#.......##...........#
#......O##.#########.####
#.....O.@....#...#...'..#
#.......#.##.#.###.####..
#####.###..#...#...#.####
###.# #..#.#.#.###.#
#...# ##...#.......#
##.### ############# #..#
##'### #....#


You could see 2 two-headed ogres.

Vanquished Creatures
  A kobold demonologist (D:9)
  A troll (D:10)
  2 wraiths
  2 wyverns
  11 yaks
  9 orc warriors
  3 sky beasts
  An ogre (D:4)
  2 phantoms
  4 centaurs
  2 kobold brigands
  2 bullfrogs
  A necrophage (D:4)
  5 scorpions
  10 wights
  A howler monkey (D:9)
  5 hounds
  8 orc priests
  3 gnoll boudas
  A jelly (D:4)
  5 iguanas
  9 orc wizards
  8 mummies (Ossuary)
  18 gnolls
  7 adders
  2 ufetubi
  A worm (D:2)
  3 dart slugs
  46 orcs
  4 ball pythons
  6 endoplasms
  2 giant cockroaches
  A gnoll zombie (Ossuary)
  10 goblins
  2 hobgoblins
  5 jackals (D:1)
  18 kobolds
  4 quokkas
  6 bats
  A frilled lizard (D:3)
  A hobgoblin zombie (Ossuary)
  4 kobold zombies (Ossuary)
  2 orc zombies (Ossuary)
  2 rats
241 creatures vanquished.

Notes
Turn   | Place    | Note
-------+----------+-------------------------------------------
     0 | D:1      | Plasmagod the Minotaur Fighter began the quest for the Orb.
     0 | D:1      | Reached XP level 1. HP: 19/19 MP: 0/0
    18 | D:1      | You fall into a shaft and drop 1 floor!
   312 | D:1      | Reached XP level 2. HP: 22/26 MP: 1/1
   848 | D:2      | Reached XP level 3. HP: 31/31 MP: 2/2
  1676 | D:3      | Reached skill level 5 in Axes
  1709 | D:3      | Found Huawon's Antique Weapon Shoppe.
  1731 | D:3      | Reached XP level 4. HP: 25/39 MP: 3/3
  1735 | D:3      | Identified the +9 mace "Qutrea" {freeze, rElec rPois Str-2
                  | Int+5}
  1855 | D:3      | Found a transporter.
  1857 | D:3      | Noticed Destructed3's ghost (amateur GnWn)
  1858 | D:3      | Noticed an ogre
  1859 | D:3      | Found a transporter.
  1859 | D:3      | Noticed an ogre
  1911 | D:3      | Noticed a scorpion
  1917 | D:3      | Killed a scorpion
  1918 | D:3      | Reached skill level 2 in Maces & Flails
  1918 | D:3      | Reached XP level 5. HP: 44/45 MP: 4/4
  1922 | D:3      | Reached skill level 3 in Maces & Flails
  1994 | D:3      | Found a faded altar of an unknown god.
  2084 | D:4      | Reached skill level 4 in Maces & Flails
  2094 | D:4      | Reached XP level 6. HP: 47/51 MP: 5/5
  2096 | D:4      | Reached skill level 5 in Maces & Flails
  2211 | D:4      | HP: 1/51 [ufetubus (4)]
  2213 | D:4      | Reached skill level 6 in Maces & Flails
  2678 | D:4      | Reached skill level 7 in Maces & Flails
  2678 | D:4      | Reached XP level 7. HP: 57/57 MP: 6/6
  3161 | D:5      | Entered Level 5 of the Dungeon
  3165 | D:5      | Reached skill level 8 in Maces & Flails
  3821 | D:5      | Reached skill level 9 in Maces & Flails
  3888 | D:5      | Identified the +8 rapier "Fewn" {freeze, rC++ Str+4 Int-4
                  | SInv}
  3929 | D:5      | Reached XP level 8. HP: 59/64 MP: 7/7
  4048 | D:5      | Reached skill level 10 in Maces & Flails
  4442 | D:6      | Reached skill level 11 in Maces & Flails
  5072 | D:6      | Reached skill level 12 in Maces & Flails
  5166 | D:6      | Found an iron altar of Okawaru.
  5370 | D:6      | Found a staircase to the Ecumenical Temple.
  5378 | Temple   | Entered the Ecumenical Temple
  5627 | Temple   | Became a worshipper of Ru the Awakened
  5883 | D:7      | Reached XP level 9. HP: 56/70 MP: 8/8
  5911 | D:7      | Reached skill level 13 in Maces & Flails
  6185 | D:7      | Found a transporter.
  6185 | D:7      | Noticed a four-headed hydra
  6187 | D:7      | Noticed SkeletonJelly's ghost (novice TrFi)
  6849 | D:7      | Reached skill level 5 in Fighting
  6929 | D:7      | Found a transporter.
  7190 | D:8      | Gained mutation: You are somewhat unskilled. (-1 Apt) [Ru
                  | sacrifice]
  7190 | D:8      | Reduced skill Maces & Flails to level 12
  7190 | D:8      | Reached * piety under Ru
  7518 | D:8      | Found a sand-covered staircase.
  7524 | Ossuary  | Entered an ossuary
  7858 | D:8      | Reached XP level 10. HP: 74/90 MP: 9/9
  7988 | D:8      | Noticed a two-headed ogre
  7989 | D:8      | Noticed a two-headed ogre
  8207 | D:9      | Found Astrel's Magic Scroll Shoppe.
  8631 | D:9      | Found Hedaypt's Armour Shoppe.
  8680 | D:9      | Found a staircase to the Orcish Mines.
  8693 | D:9      | Reached skill level 13 in Maces & Flails
  9342 | D:10     | Entered Level 10 of the Dungeon
 10084 | D:10     | Reached skill level 10 in Fighting
 10534 | D:10     | Gained mutation: You cannot study or cast Ice magic. [Ru
                  | sacrifice]
 10534 | D:10     | Gained mutation: You cannot study or cast Transmutations
                  | magic. [Ru sacrifice]
 10534 | D:10     | Gained mutation: You cannot study or cast Necromancy magic.
                  | [Ru sacrifice]
 10534 | D:10     | Reached ** piety under Ru
 10635 | D:10     | Found a stormy altar of Qazlal.
 10854 | D:11     | Noticed a boulder beetle
 10885 | D:9      | Annihilated by a two-headed ogre

Illustrated notes

Levels and vault maps discovered:
D:1:      lemuel_arrival_behind_the_door_large, layout_loops_cross
D:2:      layout_basic
D:3:      layout_rooms, hellmonk_ecumenical_altar_leap_of_faith, serial_shops,
          nicolae_shop_trees, gammafunk_ghost_smash
D:4:      layout_gridville
D:5:      layout_loops_cross, grunt_decor_mini_mirrors, uniq_edmund
D:6:      layout_loops_cross, mainiacjoe_overflow_surrounded_room,
          temple_fountains
D:7:      layout_loops_ring, gammafunk_ghost_arena, kennysheep_cross_room,
          grunt_ministairs_11
D:8:      layout_cave_pods, erik_lair_orcish_takeover,
          nicolae_ossuary_entry_plus, kb_lookout_dungeons_type, hex_medium,
          grunt_decor_junction, minmay_shop_grid_forest,
          hangedman_decor_opposing, minmay_manual_moon, uniq_maggie, uniq_joseph
D:9:      layout_roguey, david_orc_2, serial_shops, nicolae_shop_stone,
          nicolae_shop_temple_entry_statues_fountains
D:10:     layout_stronghold, kennysheep_mini_moat, chequers_hall_statues_y,
          kennysheep_another_room
D:11:     layout_cave_pools, nicolae_trove_entry_path_of_doom,
          nicolae_concentric_dashed_squares_wild
Temple:   mainiacjoe_temple_cubbyholes

Skill      XL: |  1  2  3  4  5  6  7  8  9 10 |
---------------+-------------------------------+-----
Axes           | 3 4 5 |  5.2
Maces & Flails | 2 4 7 9 12 12 13 | 13.6
Fighting       | 8 11 | 11.2
Armour         | |  3.2
Shields        | |  3.2

Action                   |  1- 3 |  4- 6 |  7- 9 | 10-12 || total
-------------------------+-------+-------+-------+-------++-------
Melee: War axe           |    80 |       |       |       ||    80
       Headbutt          |     6 |     6 |    47 |    27 ||    86
       Mace              |       |    56 |   291 |   144 ||   491
Throw: Throwing net      |       |       |       |     2 ||     2
Invok: Sacrifice Skill   |       |       |     1 |       ||     1
       Sacrifice Arcana  |       |       |       |     1 ||     1
  Use: Scroll            |       |       |    10 |     1 ||    11
Armor: Scale mail        |    52 |    31 |    66 |       ||   149
       Chain mail        |       |       |    40 |    67 ||   107
Dodge: Dodged            |    46 |    14 |    97 |    45 ||   202
Block: Buckler           |    15 |    16 |    48 |    24 ||   103
